 Dungeon Crawl Stone Soup version 0.27.0-1-g7a089689b8 (webtiles) character file.

Game seed: 4317197041989295037

135 EnegeticOcto the Skirmisher (level 4, -1/37 HPs)
             Began as a Mummy Abyssal Knight on Aug 2, 2021.
             Was a Believer of Lugonu.
             Slain by an iguana (12 damage)
             ... on level 4 of the Dungeon.
             The game lasted 00:08:41 (4918 turns).

EnegeticOcto the Skirmisher (Mummy Abyssal Knight)  Turns: 4918, Time: 00:08:41

Health: -1/37      AC:  4    Str: 16    XL:     4   Next: 96%
Magic:  5/5        EV: 11    Int: 11    God:    Lugonu [**....]
Gold:   189        SH:  0    Dex: 11    Spells: 3/3 levels left

rFire    x . .     SeeInvis .   f - +3 dagger (speed)
rCold    + . .     Faith    .   (no shield)
rNeg     + + +     Spirit   .   c - +0 leather armour
rPois    ∞         Reflect  .   j - +0 helmet
rElec    .         Harm     .   (no cloak)
rCorr    .         Rampage  .   (no gloves)
Will     .....                  (no boots)
Stlth    ++........             (no amulet)
HPRegen  0.12/turn              (no ring)
MPRegen  0.09/turn              (no ring)

@: no status effects
A: cold resistance 1, negative energy resistance 3, torment resistance 2, heat
vulnerability 1, no potions
a: Renounce Religion, Depart the Abyss, Bend Space


You were on level 4 of the Dungeon.
You worshipped Lugonu.
Lugonu was pleased with you.
You visited 1 branch of the dungeon, and saw 4 of its levels.
You visited the Abyss 1 time.

You collected 189 gold pieces.

Inventory:

Hand Weapons
 a - a +3 hand axe
   (You found it on level 1 of the Dungeon)
 b - a +0 hunting sling
   (You found it on level 1 of the Dungeon)
 d - a +1 short sword
 f - a +3 dagger of speed (weapon)
   (You took it off Ijyb on level 2 of the Dungeon)
Missiles
 g - a boomerang
 k - 49 stones
 l - 10 poisoned darts (quivered)
Armour
 c - a +0 leather armour (worn)
 j - a +0 helmet (worn)
   (You found it on level 2 of the Dungeon)
Scrolls
 e - 2 scrolls of teleportation {@r3 !r}
 h - a scroll of magic mapping {unknown}
 i - 3 scrolls of enchant weapon


   Skills:
 - Level 4.0 Fighting
 + Level 2.2 Short Blades
 - Level 1.5 Armour
 - Level 0.7 Dodging
 - Level 3.0 Stealth
 - Level 1.5 Invocations


You had 3 spell levels left.
You didn't know any spells.
Your spell library contained the following spells:

 Spells                   Type           Power      Damage    Failure   Level
 Alistair's Intoxication  Tmut/Pois      0%         N/A       100%        5
 Borgnjor's Vile Clutch   Necr/Erth      0%         N/A       100%        5
 Eringya's Noxious Bog    Tmut/Pois      0%         N/A       100%        6


Dungeon Overview and Level Annotations

Branches:
Dungeon (4/15)
 Temple: D:4-7

Altars:
Xom

Annotations:
D:2 Terence
D:3 Sigmund


Innate Abilities, Weirdness & Mutations

You are immune to poison.
Your flesh is cold resistant. (rC+)
You are immune to negative energy. (rN+++)
You are immune to unholy pain and torment.
You are vulnerable to heat. (rF-)
You do not drink.


Message History

Press: ? - help, Q - select action, (/) - cycle Shift-Dir - straight line, f - goblin
Aim: a goblin, wielding a +0 club (50% to hit)
You throw a boomerang. The boomerang hits the goblin.
You kill the goblin!
Lugonu accepts your kill.
Throw: boomerang
Press: ? - help, Q - select action, (/) - cycle Shift-Dir - straight line, f - hound
Aim: a hound (wandering, hasn't noticed you, 46% to hit)
You throw a boomerang. The boomerang closely misses the hound.
The hound barks!
You completely miss the hound. The hound misses you.
You completely miss the hound. The hound bites you.
You closely miss the hound. The hound closely misses you.
An iguana comes into view.
The iguana hisses angrily.
You hit the hound but do no damage. The hound bites you.
You miss the hound. The hound bites you.
You hit the hound.
The hound is moderately wounded.
The hound bites you but does no damage.
You hit the hound.
The hound is heavily wounded.
The hound bites you.
You hit the hound.
The hound is severely wounded.
The hound barely misses you.
You hit the hound but do no damage.
The hound is severely wounded.
The hound barely misses you.
You barely miss the hound.
The hound is severely wounded.
The hound bites you but does no damage.
You hit the hound.
The hound is almost dead.
The hound closely misses you.
You closely miss the hound.
The hound is almost dead.
The hound closely misses you.
You miss the hound.
The hound is almost dead.
You hit the hound.
The hound is almost dead.
The hound bites you but does no damage.
You hit the hound.
You kill the hound!
Lugonu accepts your kill.
Your Short Blades skill increases to level 2!
You barely miss the iguana. The iguana bites you!
You are too injured to fight recklessly!
You are too injured to fight recklessly!
You are too injured to fight recklessly!
Found a short sword.
The iguana bites you.
You can't drink.
You hit the iguana but do no damage. The iguana barely misses you.
You hit the iguana but do no damage. The iguana closely misses you.
You hit the iguana.
The iguana is lightly wounded.
You hit the iguana but do no damage.
The iguana is lightly wounded.
The iguana barely misses you.
You hit the iguana but do no damage.
The iguana is lightly wounded.
You hit the iguana.
The iguana is heavily wounded.
The iguana bites you.
You closely miss the iguana.
The iguana is heavily wounded.
The iguana closely misses you.
You hit the iguana but do no damage.
The iguana is heavily wounded.
You hit the iguana but do no damage.
The iguana is heavily wounded.
The iguana closely misses you.
You barely miss the iguana.
The iguana is heavily wounded.
You closely miss the iguana.
The iguana is heavily wounded.
The iguana bites you but does no damage.
You hit the iguana.
The iguana is heavily wounded.
The iguana bites you.
* * * LOW HITPOINT WARNING * * *
Okay, then.
You see here 2 ruby potions.
You hear the slow hiss of a very distant avalanche of sand.
There is a stone staircase leading up here.
A hound comes into view.
Found a ring mail.
Found two shimmering altars of Xom.
Found a shimmering altar of Xom.
You can't drink.
You hit the iguana.
The iguana is severely wounded.
You barely miss the iguana.
The iguana is severely wounded.
The iguana misses you.
You hit the iguana but do no damage.
The iguana is severely wounded.
The iguana bites you!
You die...

####...###⌠#
#.<...##.#♣.
#.##.##^.≈..
#.##§#≈#._♣.
#.##§⌠.h_[_≈
#.##.#≈^##.≈
#.##.##≈..♣#
#.##l###^..#
#!##.@.###⌠#
#.######.# #
#.# #.# .#
.... #.# #.#
. ... #.#
#.#...
.#..... #.#
#.##.# ....
). #.# #.##[#
#..# .#
#.######.##.#
#..##.##
#.........#.#
#......h


You could see an iguana.

Vanquished Creatures
  A hound (D:4)
  Ijyb (D:2)
  A gnoll (D:1)
  A worm (D:2)
  2 dart slugs
  6 endoplasms
  3 giant cockroaches
  5 goblins
  8 hobgoblins
  2 jackals (D:2)
  2 kobolds
  6 quokkas
  6 ball pythons
  9 bats
  3 frilled lizards
  5 rats
61 creatures vanquished.

Notes
Turn   | Place    | Note
-------+----------+-------------------------------------------
     0 | Abyss:1  | EnegeticOcto the Mummy Abyssal Knight began the quest for
                  | the Orb.
     0 | Abyss:1  | Reached XP level 1. HP: 18/18 MP: 2/2
    56 | D:1      | Escaped the Abyss
   308 | D:1      | Reached skill level 1 in Stealth
   549 | D:1      | Reached XP level 2. HP: 24/24 MP: 3/3
   860 | D:1      | Reached skill level 2 in Stealth
   980 | D:1      | Reached XP level 3. HP: 29/29 MP: 4/4
   988 | D:1      | Reached ** piety under Lugonu
  2334 | D:2      | Reached skill level 3 in Stealth
  2620 | D:1      | Reached XP level 4. HP: 35/35 MP: 5/5
  2683 | D:3      | Noticed Sigmund
  2749 | D:3      | Noticed Ijyb
  3814 | D:2      | Killed Ijyb
  4014 | D:3      | Noticed Terence
  4473 | D:3      | Reached skill level 4 in Fighting
  4863 | D:4      | Reached skill level 2 in Short Blades
  4910 | D:4      | Found a shimmering altar of Xom.
  4910 | D:4      | Found a shimmering altar of Xom.
  4911 | D:4      | Found a shimmering altar of Xom.
  4918 | D:4      | Slain by an iguana

Illustrated notes

Levels and vault maps discovered:
D:1:      matt_arrival_debris, layout_basic,
          hangedman_abyss_or_decor_lesser_grid
D:2:      layout_basic, kennysheep_generic_room_10
D:3:      layout_rooms, nrook_campfire, uniq_sigmund, uniq_ijyb, uniq_terence
D:4:      layout_loops_ring, xom_redecorated, gup_ossuary_entry_pyramid,
          serial_shops, nicolae_take_the_stairs

Skill      XL: |  1  2  3  4 |
---------------+-------------+-----
Stealth        | 1 2 3 |  3.0
Fighting       | 4 |  4.0
Short Blades   | 2 |  2.2
Armour         | |  1.5
Dodging        | |  0.7
Invocations    | |  1.5

Action                   |  1- 3 |  4- 6 || total
-------------------------+-------+-------++-------
Melee: Short sword       |    17 |       ||    17
       Hand axe          |    90 |    12 ||   102
       Dagger            |       |    66 ||    66
 Fire: Hunting sling     |     1 |       ||     1
Throw: Boomerang         |     3 |    32 ||    35
  Use: Scroll            |       |     4 ||     4
 Stab: Sleeping          |     4 |     3 ||     7
Armor: Leather armour    |    26 |    12 ||    38
Dodge: Dodged            |    64 |    38 ||   102
